 Dungeon Crawl Stone Soup version 0.30-a0-4-ga7cffc901d (webtiles) character file.

Game seed: 2975829781995384922

146 porpoise the Poker (level 5, -2/41 HPs)
             Began as a Demonspawn Gladiator on Aug 20, 2022.
             Succumbed to their own poison gas
             ... in a sewer.
             The game lasted 00:11:36 (2973 turns).

porpoise the Poker (Demonspawn Gladiator)           Turns: 2973, Time: 00:11:36

Health: -2/41      AC:  7    Str: 16    XL:     5   Next: 7%
Magic:  5/5        EV: 10    Int:  9    God:
Gold:   151        SH:  0    Dex: 15    Spells: 4/4 levels left

rFire   . . .      SeeInvis .    a - +0 trident
rCold   . . .      Faith    .    (no shield)
rNeg    . . .      Spirit   .    q - +0 scale mail
rPois   .          Reflect  .    c - +0 helmet
rElec   .          Harm     .    (no cloak)
rCorr   .          Rampage  .    (no gloves)
Will    .....                    (no boots)
Stlth   ..........               (no amulet)
HPRegen 0.13/turn                (no ring)
MPRegen 0.09/turn                (no ring)

@: lethally poisoned (-2 -> -56), mesmerised, very slow
A: hooves 1, powered by pain 1
a: no special abilities


You were in a sewer.
You visited 1 branch of the dungeon, and saw 3 of its levels.
You also visited: Sewer.

You collected 151 gold pieces.

Inventory:

Hand Weapons
 a - a +0 trident (weapon)
Missiles
 d - 2 throwing nets (quivered)
Armour
 c - a +0 helmet (worn)
 q - a +0 scale mail (worn)
Scrolls
 e - 2 scrolls of teleportation
 n - a scroll of brand weapon {unknown}
Potions
 b - a potion of curing
 f - a potion of resistance
 g - 2 potions of lignification
 h - 4 potions of flight
 o - a potion of brilliance
 p - a potion of mutation
 r - a potion of magic {unknown}


   Skills:
 + Level 3.4 Fighting
 * Level 4.6 Polearms
 - Level 1.7 Throwing
 - Level 2.6 Dodging


You had 4 spell levels left.
You didn't know any spells.
Your spell library contained the following spells:

 Spells                   Type           Power      Damage    Failure   Level
 Magic Dart               Conj           0%         1d3       83%         1
 Sandblast                Erth           0%         2d4       83%         1
 Passwall                 Tmut/Erth      0%         N/A       93%         2
 Searing Ray              Conj           0%         2d4       93%         2
 Stone Arrow              Conj/Erth      0%         3d7       99%         3
 Fulminant Prism          Conj/Hex       0%         3d6       100%        4


Dungeon Overview and Level Annotations

Branches:
Dungeon (3/15)              Sewer (1/1)

Altars:


Innate Abilities, Weirdness & Mutations

You have large cloven feet.
You sometimes gain a little power by taking damage.


Message History

The air fills with toxic fumes!
As you read the scroll of poison, it crumbles to dust.
The adder hisses angrily.
Shadowy forms rise from the deep at the malarious merfolk avatar's song!
The malarious merfolk avatar chants its luring song.
Unknown command.
You cannot move away from the malarious merfolk avatar!
You aren't carrying any items that you can evoke.
Unknown command.
Unknown command.
Unknown command.
As you read the scroll labelled UFIFAU WEKHLE, it crumbles to dust.
You feel aware of your surroundings.
You sensed 1 shop/portal.
It was a scroll of magic mapping.
The malarious merfolk avatar chants its luring song.
As you read the scroll labelled YNUAMP URIKELE, it crumbles to dust.
The scroll dissolves into smoke.
It was a scroll of fog.
The pull of its song draws you forwards.
The malarious merfolk avatar chants its luring song.
Unknown command.
Okay, then.
Unknown command.
You are engulfed in poison gas.
You are poisoned.
You feel extremely sick. The adder bites you.
You are more poisoned.
The adder poisons you!
The malarious merfolk avatar chants its luring song.
Your unstable footing causes you to fumble your attack.
You are engulfed in poison gas.
You are lethally poisoned!
You feel extremely sick. The adder barely misses you.
The malarious merfolk avatar chants its luring song.
The adder closely misses you.
Your unstable footing causes you to fumble your attack.
You are engulfed in poison gas.
You are more poisoned.
* * * LOW HITPOINT WARNING * * *
You die...

~~~~~~~~~~~~~~~~~~~~~~~~~~~~~~~~~
~~~~~~~~~~~~~~~≈≈≈≈≈≈≈≈≈~~~~~~~~~
~~~~~~~~~~~~~~~≈≈≈≈≈≈≈≈≈~~~~~~~~~
***************#~≈≈≈≈§≈≈~~~~~~~~~
*~~,,,,+,,,,,+.W≈≈§≈≈≈~~~~~~~~~
*~,,,,,*####*#.~~§§m≈≈~~~~~~~~~
*~,,,,,*#..# #.~☼§§§≈≈~~~~~~~~~ #
*~~,,,,*#..# #SW§§☼☼≈≈~~~~~~~~~
####~~,,∩*#..###@§§§§☼≈≈~~~~~~~~~
≈≈≈#*######..#§☼§§§☼§§≈≈~~~~~~~~~
~~#≈≈≈≈≈≈≈~§§§§§§§§§☼§~≈~~~~~~~~~
.~#########§§#§☼§§§§§§≈≈~~~~~~~~~
.....~≈# #§.###§☼☼§§☼≈≈~~~~~~~~~
#####~~# ##.## #☼§§§☼§≈≈~~~~~~~~~
#..###..# ##§§§§§≈≈~~~~~~~~~
##..††.##***~§§§§§≈≈~~~~~~~~~
*****#######~~~~~≈≈≈≈≈≈~~~~~~~~~~


You could see a malarious merfolk avatar (mesmerising), 2 drowned souls and an
adder.

Vanquished Creatures
  A merfolk siren (Sewer)
  4 river rats (Sewer)
  An adder (D:3)
  A worm (D:2)
  An orc (D:3)
  9 ball pythons
  7 endoplasms
  3 giant cockroaches
  A goblin (D:1)
  2 hobgoblins
  4 quokkas
  8 bats
  4 frilled lizards (Sewer)
  7 kobolds
  27 rats
80 creatures vanquished.

Notes
Turn   | Place    | Note
-------+----------+-------------------------------------------
     0 | D:1      | porpoise the Demonspawn Gladiator began the quest for the
                  | Orb.
     0 | D:1      | Reached XP level 1. HP: 16/16 MP: 1/1
   250 | D:1      | Reached skill level 3 in Polearms
   250 | D:1      | Found a faded altar of an unknown god.
   258 | D:1      | Gained mutation: You have large cloven feet. [demonic
                  | ancestry]
   258 | D:1      | Reached XP level 2. HP: 22/22 MP: 2/2
  1090 | D:2      | Gained mutation: You sometimes gain a little power by
                  | taking damage. [demonic ancestry]
  1090 | D:2      | Reached XP level 3. HP: 28/28 MP: 3/3
  1805 | D:3      | Found a glowing drain.
  1822 | Sewer    | Entered a sewer
  1854 | Sewer    | Reached skill level 4 in Polearms
  2143 | Sewer    | Reached XP level 4. HP: 33/34 MP: 4/4
  2648 | Sewer    | Reached XP level 5. HP: 17/41 MP: 5/5
  2973 | Sewer    | Succumbed to their own poison gas

Illustrated notes

Levels and vault maps discovered:
D:1:      zaba_arrival_water, layout_basic,
          hellmonk_ecumenical_altar_arch_garden, chequers_garden,
          minmay_misc_feat_pillars
D:2:      layout_loops_ring, kennysheep_cross_room
D:3:      layout_rooms, serial_shops, shop_fountains, portal_sewer_entry_d
Sewer:    sewer_sea

Skill      XL: |  1  2  3  4 |
---------------+-------------+-----
Polearms       | 3 4 |  4.6
Fighting       | 3 |  3.4
Throwing       | |  1.7
Dodging        | |  2.6

Action                   |  1- 3 |  4- 6 || total
-------------------------+-------+-------++-------
Melee: Trident           |   125 |    91 ||   216
       Kick              |    21 |    16 ||    37
Throw: Javelin           |       |     1 ||     1
       Throwing net      |       |     1 ||     1
  Use: Scroll            |     7 |     7 ||    14
 Stab: Sleeping          |     3 |       ||     3
Armor: Leather armour    |    21 |       ||    21
       Scale mail        |    13 |    27 ||    40
Dodge: Dodged            |    64 |    33 ||    97

Table legend: (Time is in decaauts)
 A = Elapsed time spent in this place.
 B = Non-inter-level travel time spent in this place.
 C = Inter-level travel time spent in this place.
 D = Time resting spent in this place.
 E = Time spent auto-exploring this place.
 F = Levels seen in this place.
 G = Mean time per level.
                   A        B        C        D        E       F      G
               +--------+--------+--------+--------+--------+-----+--------+
         Total |   3052 |   2997 |     55 |   1011 |   1288 |   4 |  763.0 |
       Dungeon |   1845 |   1790 |     55 |    251 |   1201 |   3 |  615.0 |
         Sewer |   1206 |   1206 |      0 |    760 |     87 |   1 | 1206.0 |
               +--------+--------+--------+--------+--------+-----+--------+

Top non-repeatable levels by time:
   Sewer: 1206 daAuts
     D:2: 964 daAuts
     D:1: 670 daAuts
     D:3: 209 daAuts
